 Dungeon Crawl Stone Soup version 0.17-a0-2127-g1cb09f6 (webtiles) character file.

1024 tp1 the Infuser (level 8, 0/41 HPs)
             Began as a Deep Elf Conjurer on Oct 22, 2015.
             Was an Initiate of Vehumet.
             Slain by an ogre
             ... wielding a +0 giant club
              (13 damage)
             ... on level 7 of the Dungeon.
             The game lasted 00:31:53 (7739 turns).

tp1 the Infuser (Deep Elf Conjurer)                 Turns: 7739, Time: 00:31:54

Health: 0/41       AC:  7    Str:  5    XL:     8   Next: 2%
Magic:  7/21       EV: 13    Int: 23    God:    Vehumet [......]
Gold:   113        SH:  4    Dex: 18    Spells: 4 memorised, 11 levels left

rFire  . . .     SeeInvis +     w - +0 short sword (venom)
rCold  + . .     Clarity  .     C - +1 robe {MR+}
rNeg   + . .     SustAt   .     m - +0 buckler
rPois  .         Gourm    .     F - +1 helmet
rElec  .         Spirit   .     t - +0 cloak
rCorr  +         Warding  .     D - +0 pair of gloves
rMut   .         Stasis   .     (no boots)
MR     .....                    G - amulet "Boede" {rCorr rC+ rN+ MR- SInv}
Stlth  ++........               l - ring of flight
                                x - +3 ring of dexterity

@: not resistant to hostile enchantments, unstealthy
A: no striking features
a: Renounce Religion, Evoke Flight


You were on level 7 of the Dungeon.
You worshipped Vehumet.
Vehumet was noncommittal.
You were very hungry.

You visited 2 branches of the dungeon, and saw 8 of its levels.

You collected 252 gold pieces.
You spent 139 gold pieces at shops.

Inventory:

Hand Weapons
 j - a +0 rapier
 w - a +0 short sword of venom (weapon)
 A - a +4 short sword
Armour
 m - a +0 buckler (worn)
 t - a +0 cloak (worn)
 z - a +0 leather armour
 B - a +0 leather armour
 C - a +1 robe of magic resistance (worn)
 D - a +0 pair of gloves (worn)
 F - a +1 helmet (worn)
Jewellery
 l - a ring of flight (right hand)
 x - a +3 ring of dexterity (left hand)
 G - the amulet "Boede" (around neck) {rCorr rC+ rN+ MR- SInv}
   (You found it on level 6 of the Dungeon)

   [amulet of resist corrosion]

   It protects you from acid and corrosion.
   It protects you from cold.
   It protects you from negative energy.
   It affects your resistance to hostile enchantments.
   It lets you see invisible.
Scrolls
 d - 3 scrolls of remove curse
 e - 3 scrolls of random uselessness
 g - a scroll of blinking
 h - a scroll of fear {unknown}
 p - 2 scrolls of magic mapping
 u - a scroll of amnesia {unknown}
 v - a scroll of noise {unknown}
 y - a scroll of recharging {unknown}
 H - a scroll of holy word {unknown}
Potions
 a - a potion of magic
 f - a potion of berserk rage
 i - a potion of lignification
 k - a potion of haste
 n - a potion of poison
 q - 2 potions of agility
 r - 3 potions of curing
 s - a potion of flight
Books
 b - a book of Conjurations

   Spells                             Type                      Level
   a - Magic Dart                     Conjuration                  1
   b - Searing Ray                    Conjuration                  2
   c - Dazzling Spray                 Conjuration/Hexes            3
   d - Fulminant Prism                Conjuration/Hexes            4
   e - Iskenderun's Mystic Blast      Conjuration                  4
   f - Iskenderun's Battlesphere      Conjuration/Charms           5
Comestibles
 c - 3 bread rations
 E - 2 meat rations


   Skills:
 - Level 1.2 Armour
 - Level 3.0 Dodging
 - Level 2.4 Stealth
 - Level 1.0 Shields
 + Level 7.5 Spellcasting
 - Level 6.0 Conjurations
 - Level 8.2 Charms


You had 11 spell levels left.
You knew the following spells:

 Your Spells              Type           Power        Failure   Level  Hunger
a - Magic Dart            Conj           ####         1%          1    None
b - Searing Ray           Conj           #####.       1%          2    None
c - Dazzling Spray        Conj/Hex       ###.....     12%         3    None
d - Iskenderun's Battles  Conj/Chrm      #####...     17%         5    #####..


Dungeon Overview and Level Annotations

Branches:
Dungeon (7/15)             Temple (1/1) D:5

Altars:
Ashenzari
Cheibriados
Dithmenos
Elyvilon
Gozag
Nemelex Xobeh
Okawaru
Qazlal
Sif Muna
Vehumet
Xom
The Shining One

Shops:
D:4 [


Message History

The deep elf mage casts a spell.
The giant frog hits you! The giant frog closely misses you.
The giant frog hits you but does no damage.
The giant frog hits you but does no damage.
The giant frog hits you! The ogre barely misses you. The giant frog hits you.
* * * LOW HITPOINT WARNING * * *
There is a stone staircase leading down here.
The giant frog barely misses you.
You climb downwards.
Found a scroll labeled WAMEHA SAAZ.
Found a stone staircase leading down.
There is a stone staircase leading up here.
Casting: Magic Dart
Confirm with . or Enter, or press ? or * to list all spells.
You conjure a globe of magical energy.
You are feeling very hungry.
The giant frog hits you but does no damage.
The ogre hits you with a giant club!
You die...

# ## #. ##.
#.###..
#....?# #
#..*.F#..###
#..O@.....>.
##.#.#######
# ..# ..##
... ....
.###. .. ##


You could see an ogre and a giant frog.

Vanquished Creatures
  A black bear (D:3)
  A phantom (D:5)
  An ogre (D:5)
  A centaur (D:6)
  A giant frog (D:6)
  A wyvern skeleton (D:6)
  A giant frog skeleton (D:6)
  2 centaur skeletons (D:4)
  An orc priest (D:6)
  A centaur zombie (D:5)
  2 worker ants
  Terence (D:2)
  An iguana (D:4)
  A hound skeleton (D:4)
  17 adders
  2 oozes (D:1)
  2 adder skeletons
  3 worms
  2 giant geckos
  17 orcs
  4 ball pythons (D:2)
  6 giant cockroaches
  10 goblins
  11 hobgoblins
  5 jackals
  11 kobolds
  2 quokkas
  10 bats
  5 giant newts
  A quokka skeleton (D:6)
  9 rats
133 creatures vanquished.

Notes
Turn   | Place    | Note
--------------------------------------------------------------
     0 | D:1      | tp1 the Deep Elf Conjurer began the quest for the Orb.
     0 | D:1      | Reached XP level 1. HP: 10/10 MP: 6/6
   235 | D:1      | Reached XP level 2. HP: 15/15 MP: 5/8
   699 | D:1      | Reached XP level 3. HP: 19/19 MP: 6/10
  1456 | D:2      | Reached skill level 5 in Conjurations
  1601 | D:2      | Reached XP level 4. HP: 15/24 MP: 3/12
  1791 | D:2      | Reached skill level 5 in Spellcasting
  1871 | D:2      | Noticed Terence
  1877 | D:2      | Killed Terence
  1877 | D:2      | Reached XP level 5. HP: 17/28 MP: 5/15
  1904 | D:2      | Reached skill level 6 in Spellcasting
  2127 | D:2      | Learned a level 2 spell: Searing Ray
  2131 | D:2      | Learned a level 3 spell: Dazzling Spray
  2444 | D:2      | Found a snail-covered altar of Cheibriados.
  2444 | D:2      | Found a deep blue altar of Sif Muna.
  3020 | D:2      | Found a snail-covered altar of Cheibriados.
  3021 | D:2      | Found a deep blue altar of Sif Muna.
  3234 | D:3      | Found a shimmering altar of Xom.
  3256 | D:3      | Learned a level 5 spell: Iskenderun's Battlesphere
  3383 | D:3      | Reached skill level 1 in Charms
  3498 | D:3      | Found an iron altar of Okawaru.
  3510 | D:3      | Noticed a black bear
  3573 | D:3      | Killed a black bear
  3573 | D:3      | Reached XP level 6. HP: 32/32 MP: 1/17
  4488 | D:4      | Reached skill level 5 in Charms
  4638 | D:4      | Reached skill level 1 in Armour
  4979 | D:5      | Entered Level 5 of the Dungeon
  4984 | D:4      | Reached skill level 1 in Shields
  5294 | D:4      | Found Hoaqeohar's Antique Armour Emporium.
  5318 | D:4      | Bought a glowing robe for 18 gold pieces
  5318 | D:4      | Bought a pair of gloves for 121 gold pieces
  6020 | D:4      | Found Hoaqeohar's Antique Armour Emporium.
  6280 | D:5      | Reached XP level 7. HP: 36/36 MP: 13/18
  6596 | D:5      | Reached skill level 7 in Charms
  6662 | D:5      | Found a staircase to the Ecumenical Temple.
  6713 | Temple   | Entered the Ecumenical Temple
  6766 | Temple   | Became a worshipper of Vehumet
  7392 | D:5      | Found a staircase to the Ecumenical Temple.
  7455 | D:6      | Reached skill level 8 in Charms
  7600 | D:6      | Got a brightly glowing ruby amulet
  7602 | D:6      | Identified the amulet "Boede" {rCorr rC+ rN+ MR- SInv} (You found it on level 6 of the Dungeon)
  7703 | D:6      | Noticed a deep elf mage
  7713 | D:6      | Reached XP level 8. HP: 34/41 MP: 8/21
  7739 | D:7      | Slain by an ogre

Vault maps used:
D:1:      scummos_arrival_hexagon
D:2:      gammafunk_temple_overflow_wave, serial_forest,
          infiniplex_forest_zigzag_1, infiniplex_forest_clump_curved,
          infiniplex_forest_clump_C, infiniplex_forest_end_2,
          infiniplex_forest_corner_1, minmay_snake_closets, uniq_terence
D:3:      lemuel_round_altar, nicolae_overflow_crystal_walls
D:4:      first_bread, serial_shops, shop_fountains
D:5:      minmay_temple_entry_purple_smoke
D:6:      lemuel_coloured_pillars_altar, old_standard_altar, serial_bayou,
          serial_bayou_pond_b, serial_bayou_pond_e, serial_bayou_crossing,
          serial_bayou_pond_c, kennysheep_generic_room_14,
          uniq_crazy_yiuf_cottage
D:7:      grunt_temple_overflow_order_and_chaos_2, fedhas_altar_4
Temple:   circular_temple_pool_8

Action                   |  1- 3 |  4- 6 |  7- 9 || total
-------------------------+-------+-------+-------++-------
Melee: Unarmed           |     4 |       |       ||     4
       Dagger            |     7 |     1 |       ||     8
       Rapier            |       |     1 |       ||     1
       Short sword       |       |    24 |       ||    24
 Cast: Magic Dart        |    81 |   179 |    43 ||   303
       Searing Ray       |       |    26 |     2 ||    28
       Dazzling Spray    |       |     4 |     1 ||     5
       Iskenderun's Batt |       |       |     8 ||     8
  Use: Scroll            |       |       |    12 ||    12
  Eat: Chunk             |     2 |     4 |     4 ||    10
       Meat ration       |       |     1 |       ||     1
       Fruit             |       |     3 |       ||     3
       Bread ration      |       |     1 |       ||     1
